 Dungeon Crawl Stone Soup version 0.20-a0-920-gb18bc0f (webtiles) character file.

561 Hide the Sneak (level 7, 0/46 HPs)
             Began as an Octopode Monk on Mar 25, 2017.
             Was a Believer of Yredelemnul.
             Slain by a gnoll
             ... wielding a +0 halberd
              (11 damage)
             ... on level 5 of the Dungeon.
             The game lasted 00:23:08 (5119 turns).

Hide the Sneak (Octopode Monk)                      Turns: 5119, Time: 00:23:09

Health: 0/46       AC:  1    Str: 10    XL:     7   Next: 31%
Magic:  7/7        EV: 15    Int: 12    God:    Yredelemnul [**....]
Gold:   157        SH:  0    Dex: 17    Spells: 6/6 levels left

rFire    . . .     SeeInvis .     - Unarmed
rCold    . . .     Gourm    .   (no shield)
rNeg     . . .     Faith    .   (helmet restricted)
rPois    .         Spirit   .   (no amulet)
rElec    .         Reflect  .   j - ring of resist corrosion
rCorr    +         Harm     .   d - ring of stealth
MR       .....     Rnd*Tele +   n - ring of teleportation (curse)
Stlth    +++++.....             (no ring)
Regen    0.2/turn               (no ring)
MPRegen  0.1/turn               (no ring)
                                (no ring)
                                (no ring)

@: no status effects
A: almost no armour, stealthy swim, amphibious, 8 rings, constrict 8, camouflage
1, gelatinous body 1
a: Animate Remains, Recall Undead Slaves, Injury Mirror, Renounce Religion


You were on level 5 of the Dungeon.
You worshipped Yredelemnul.
Yredelemnul was pleased with you.
You were not hungry.

You visited 1 branch of the dungeon, and saw 5 of its levels.

You collected 157 gold pieces.

Inventory:

Missiles
 b - 221 stones (quivered)
Jewellery
 d - a ring of stealth (right tentacle)
 j - a ring of resist corrosion (left tentacle)
 n - a cursed ring of teleportation (on tentacle)
Wands
 k - a wand of random effects (20/48)
 s - a wand of lightning (2/15)
Scrolls
 h - 7 scrolls of identify
 p - 2 scrolls of fear
 v - a scroll of teleportation
 w - a scroll of recharging {unknown}
Potions
 e - 2 potions of haste {unknown}
 f - a potion of flight {unknown}
 g - a potion of might {unknown}
 i - a potion of magic {unknown}
 l - 4 potions of curing {unknown}
 m - 2 potions of lignification {unknown}
 q - 2 potions of agility {unknown}
 r - a potion of ambrosia {unknown}
 t - a potion of resistance {unknown}
 u - a potion of berserk rage {unknown}
Comestibles
 a - 4 bread rations
 c - 5 royal jellies
 o - 2 meat rations
 x - 2 chunks of flesh


   Skills:
 - Level 3.6 Fighting
 - Level 4.0 Dodging
 - Level 6.3 Stealth
 * Level 6.1 Unarmed Combat
 - Level 0.2 Invocations


You had 6 spell levels left.
You didn't know any spells.

Dungeon Overview and Level Annotations

Branches:
Dungeon (5/15)             Temple (0/1) D:5

Altars:
Elyvilon
Makhleb
Qazlal
Yredelemnul

Shops:
D:5 (

Annotations:
D:5 Eustachio


Innate Abilities, Weirdness & Mutations

You cannot wear most types of armour.
You are very stealthy in the water. (Stealth+)
You are amphibious.
You can wear up to eight rings at the same time.
You can use your tentacles to constrict eight enemies at once.
Your skin changes colour to match your surroundings (Stealth+).
Your rubbery body absorbs attacks. (AC +1, EV +1)


Message History

You are outlined in light.
You tentacle-slap the gnoll shaman.
You kill the gnoll shaman!
Yredelemnul accepts your kill.
Your Unarmed Combat skill increases to level 6!
The gnoll hits you from afar with a halberd!
The gnoll closely misses you. The gnoll completely misses you.
The gnoll hits you with a spear.
You closely miss the gnoll. Your grab misses the gnoll.
You tentacle-slap the gnoll.
The gnoll is moderately wounded.
The gnoll hits you with a halberd! The gnoll hits you with a spear.
The gnoll completely misses you.
The gnoll hits you from afar with a halberd!
* * * LOW HITPOINT WARNING * * *
You are no longer glowing.
Found a gnarled smoking staff and 20 stones.
The gnoll hits you from afar with a halberd!
You die...
Your body rises from the dead as a mindless zombie.

#g..# #..#######
#..)g#..# #..........
.....#......##.........?
..... .....##...........
..... ...[##..#g........
#.... ...##..g..........
##... ..##.....g........
##.. .##.(......|......
#......#.@.......
.#......###...####
.######## ..## ...# #.#
...# .. ..# ..# .##. .#
##.. .# #....


You could see 3 gnolls.

Vanquished Creatures
  3 howler monkeys (D:4)
  2 hounds (D:4)
  An orc priest (D:4)
  Crazy Yiuf (D:4)
  A gnoll shaman (D:5)
  An orc wizard (D:5)
  A worker ant (D:4)
  Terence (D:2)
  5 gnolls
  10 adders
  An ooze (D:2)
  2 worms (D:2)
  A dart slug (D:3)
  4 leopard geckos
  7 orcs
  2 giant cockroaches
  9 goblins
  6 hobgoblins
  7 kobolds
  3 quokkas
  7 bats
  3 frilled lizards
  7 rats
85 creatures vanquished.

Notes
Turn   | Place    | Note
-------+----------+-------------------------------------------
     0 | D:1      | Hide the Octopode Monk began the quest for the Orb.
     0 | D:1      | Reached XP level 1. HP: 16/16 MP: 1/1
    70 | D:1      | Reached XP level 2. HP: 21/21 MP: 2/2
   683 | D:1      | Reached XP level 3. HP: 26/26 MP: 3/3
  1047 | D:2      | Reached XP level 4. HP: 28/31 MP: 4/4
  1276 | D:2      | Noticed Terence
  1562 | D:2      | Reached XP level 5. HP: 14/36 MP: 5/5
  1801 | D:2      | Killed Terence
  2089 | D:2      | Found a burning altar of Makhleb.
  2417 | D:3      | Found a basalt altar of Yredelemnul.
  2433 | D:3      | Became a worshipper of Yredelemnul the Dark
  2433 | D:3      | Reached * piety under Yredelemnul
  2433 | D:3      | Reached ** piety under Yredelemnul
  2479 | D:3      | Found a white marble altar of Elyvilon.
  2619 | D:3      | Reached skill level 5 in Stealth
  3153 | D:4      | Reached XP level 6. HP: 24/42 MP: 6/6
  3461 | D:4      | Reached skill level 5 in Unarmed Combat
  3954 | D:4      | Reached XP level 7. HP: 37/46 MP: 7/7
  4339 | D:4      | Found a runed door.
  4340 | D:4      | Noticed Crazy Yiuf
  4373 | D:4      | Found a stormy altar of Qazlal.
  4408 | D:4      | HP: 1/46 [Crazy Yiuf/quarterstaff of chaos (11)]
  4411 | D:4      | Killed Crazy Yiuf
  4772 | D:5      | Entered Level 5 of the Dungeon
  4795 | D:5      | Found a staircase to the Ecumenical Temple.
  4827 | D:5      | Noticed Eustachio
  5060 | D:5      | Found Boboesatza's Antique Weapon Emporium.
  5119 | D:5      | Slain by a gnoll

Vault maps used:
D:1:      dpeg_arrival_pond, minmay_tall_x
D:2:      grunt_ministairs_1, minmay_misc_feat_tiny, bloody_makhleb,
          uniq_terence
D:3:      kennysheep_ying_yang
D:4:      overflow_temple_1_default, hangedman_decor_diamond_cutter,
          dk_noncrumbling_3, hangedman_decor_slide_cut, uniq_crazy_yiuf_cottage
D:5:      nicolae_ashenzari_panopticon, minmay_temple_entry_junction,
          first_bread, serial_shops, shop, kennysheep_minor_cross,
          grunt_qazlal_clouds, uniq_eustachio

Skill      XL: |  1  2  3  4  5  6  7 |
---------------+----------------------+-----
Stealth        | 3 4 5 6 |  6.3
Unarmed Combat | 4 5 6 |  6.1
Dodging        | 4 |  4.0
Fighting       | |  3.6
Invocations    | |  0.2

Action                   |  1- 3 |  4- 6 |  7- 9 || total
-------------------------+-------+-------+-------++-------
Melee: Unarmed           |    61 |   129 |    24 ||   214
       Constrict         |    14 |    35 |     6 ||    55
       Tentacles         |    11 |    30 |     5 ||    46
       Punch             |     2 |     6 |     1 ||     9
Throw: Stone             |       |       |     1 ||     1
Invok: Injury Mirror     |       |       |     1 ||     1
Evoke: Wand              |       |       |     2 ||     2
  Use: Scroll            |     3 |     4 |     1 ||     8
       Potion            |       |       |     2 ||     2
 Stab: Sleeping          |     7 |    14 |     1 ||    22
       Distracted        |       |     1 |       ||     1
  Eat: Chunk             |       |     9 |     4 ||    13
Armor: Skin              |     6 |     4 |     1 ||    11
Dodge: Dodged            |    57 |    80 |    16 ||   153
